 Dungeon Crawl Stone Soup version 0.29-a0-577-gafbf2c5d25 (webtiles) character file.

Game seed: 4571931986113851995

270 Lemondrips the Chopper (level 6, 0/53 HPs)
             Began as a Meteoran Fighter on June 13, 2022.
             Was a Follower of Yredelemnul.
             Slain by an orc
             ... wielding a +0 club
              (1 damage)
             ... on level 4 of the Dungeon.
             The game lasted 00:07:07 (1604 turns).

Lemondrips the Chopper (Meteoran Fighter)           Turns: 1604, Time: 00:07:07

Health: 0/53       AC:  7    Str: 20    XL:     6   Next: 76%
Magic:  7/7        EV:  9    Int: 10    God:    Yredelemnul [*.....]
Gold:   214        SH:  5    Dex: 13    Spells: 5/5 levels left

rFire   . . .      SeeInvis .   a - +0 war axe
rCold   . . .      Faith    .   c - +0 buckler
rNeg    . . .      Spirit   .   b - +0 scale mail
rPois   .          Reflect  .   (no helmet)
rElec   .          Harm     .   (no cloak)
rCorr   .          Rampage  .   (no gloves)
Will    .....                   (no boots)
Stlth   ..........              (no amulet)
HPRegen 0.17/turn               (no ring)
MPRegen 0.10/turn               (no ring)

@: glowing
A: sense surroundings 1, otherworldly, glowing, explore regen
a: Renounce Religion, Recall Undead Harvest


You were on level 4 of the Dungeon.
You worshipped Yredelemnul.
Yredelemnul was noncommittal.
You visited 1 branch of the dungeon, and saw 4 of its levels.

You collected 214 gold pieces.

Inventory:

Hand Weapons
 a - a +0 war axe (weapon)
Missiles
 q - a throwing net (quivered)
Armour
 b - a +0 scale mail (worn)
 c - a +0 buckler (worn)
Jewellery
 e - a ring of magical power
Scrolls
 f - a scroll of magic mapping {unknown}
 g - 5 scrolls of vulnerability {unknown}
 h - a scroll of enchant weapon {unknown}
 i - a scroll of silence {unknown}
 n - a scroll of noise {unknown}
 o - 3 scrolls of identify {unknown}
 p - a scroll of poison {unknown}
 s - a scroll of summoning {unknown}
 t - a scroll of teleportation {unknown}
Potions
 d - a potion of might
 j - a potion of curing {unknown}
 k - 2 potions of flight {unknown}
 l - a potion of haste {unknown}
 m - 3 potions of degeneration {unknown}
 r - a potion of mutation {unknown}


   Skills:
 + Level 4.4 Fighting
 * Level 5.1 Axes
 + Level 4.8 Armour
 + Level 4.9 Shields


You had 5 spell levels left.
You didn't know any spells.
Your spell library contained the following spells:

 Spells                   Type           Power      Damage    Failure   Level
 Apportation              Tloc           0%         N/A       80%         1
 Foxfire                  Conj/Fire      0%         2x1d4     80%         1
 Necrotize                Necr           0%         1d4       80%         1
 Shock                    Conj/Air       0%         1d3       80%         1
 Summon Small Mammal      Summ           0%         N/A       80%         1
 Ensorcelled Hibernation  Hex/Ice        0%         N/A       90%         2
 Conjure Flame            Conj/Fire      0%         6-21      99%         3
 Inner Flame              Hex/Fire       0%         N/A       99%         3
 Portal Projectile        Hex/Tloc       0%         N/A       99%         3
 Spider Form              Tmut/Pois      0%         N/A       99%         3
 Swiftness                Air            0%         N/A       99%         3
 Tukima's Dance           Hex            0%         N/A       99%         3
 Airstrike                Air            0%         N/A       100%        4
 Anguish                  Hex/Necr       0%         N/A       100%        4
 Flame Wave               Conj/Fire      0%         2d4       100%        4
 Blade Hands              Tmut           0%         N/A       100%        5


Dungeon Overview and Level Annotations

Branches:
Dungeon (4/15)
 Temple: D:4-7

Altars:
Yredelemnul


Innate Abilities, Weirdness & Mutations

You passively map a small area around you.
You are easily found by Zot.
You glow in the dark.
You regain HP and MP as you explore.


Message History

Your hobgoblin zombie hits the orc priest but does no damage.
The orc attacks as you move away! The orc barely misses you.
The orc closely misses your hobgoblin zombie.
The orc completely misses your scorpion zombie.
The orc hits your hobgoblin zombie with a +0 hand axe!
The orc hits your scorpion zombie but does no damage.
The orc priest calls down the wrath of Beogh upon you.
Beogh smites you!
Your scorpion zombie hits the orc.
You closely miss the orc priest.
The orc hits your hobgoblin zombie with a +0 hand axe.
Your hobgoblin zombie is destroyed!
The orc barely misses your scorpion zombie.
The orc priest hits you with a +0 short sword.
Your scorpion zombie hits the orc but does no damage.
The orc priest calls upon Beogh to heal the orc.
The orc's wounds heal themselves!
You barely miss the orc priest. You barely miss the orc.
You closely miss the orc.
Your scorpion zombie hits the orc but does no damage.
Your orc wizard zombie barely misses the orc.
You block the orc's attack. The orc hits you with a +0 club.
Your scorpion zombie hits the orc.
You slash the orc!
You kill the orc!
You barely miss the orc priest. You hit the orc but do no damage.
You hit the orc. The orc hits you but does no damage.
You block the orc priest's attack.
The orc priest calls upon Beogh to heal the orc.
The orc's wounds heal themselves!
Your orc wizard zombie hits the orc.
You barely miss the orc priest. You hit the orc. x2
The orc hits you but does no damage.
The orc hits your scorpion zombie with a +0 hand axe.
The orc hits your orc zombie with a +0 hand axe.
The orc priest looks satisfied for a moment.
The orc priest mumbles some strange prayers to Beogh against you.
Beogh smites you!
* * * LOW HITPOINT WARNING * * *
The orc hits you with a +0 club.
You die...
Your body rises from the dead as a mindless zombie.

#....### ###*
.......### ####....##
* .........#
#........# .........#
##.......# .........#
##........# ,
#........# #........#
* ##...)...#
#.(......# ..#......#
##.......#* ,
#...#....###..Zo@o.##
###......##)Z..Zo).#
#*###......###.Zo...#
, .# ##.....#
###.....# * , * ..#
#..#..#* ##.....# , ,
, * ...##...##..#
....... * **
...##..###..# *
....... , **** ,
#...# ##..* .....## *
, . ,#..# ...
....##########


You could see 2 orc priests, 2 orcs, a friendly scorpion zombie, a friendly orc
zombie, a friendly orc wizard zombie and a friendly dart slug zombie.

Vanquished Creatures
  A scorpion (D:4)
  A hound (D:2)
  An orc wizard (D:4)
  An iguana (D:4)
  5 adders
  2 worms
  2 dart slugs
  4 orcs (D:4)
  3 endoplasms
  4 goblins
  6 hobgoblins
  4 jackals (D:1)
  5 kobolds
  3 ball pythons
  6 bats
  3 frilled lizards
  4 rats
55 creatures vanquished.

Vanquished Creatures (collateral kills)
  An adder (D:2)
  An endoplasm (D:4)
  2 goblins
  3 bats (D:2)
  A rat (D:2)
8 creatures vanquished.

Vanquished Creatures (others)
  An adder zombie (D:4)
  A bat zombie (D:3)
  A ball python zombie (D:2)
  A giant cockroach zombie (D:2)
  2 hobgoblin zombies (D:4)
  An orc zombie (D:4)
  2 plants (D:2)
9 creatures vanquished.

Grand Total: 72 creatures vanquished

Notes
Turn   | Place    | Note
-------+----------+-------------------------------------------
     0 | D:1      | Lemondrips the Meteoran Fighter began the quest for the
                  | Orb.
     0 | D:1      | Reached XP level 1. HP: 19/19 MP: 2/2
    50 | D:1      | Reached XP level 2. HP: 26/26 MP: 3/3
    65 | D:1      | Reached skill level 3 in Axes
    73 | D:1      | Reached XP level 3. HP: 23/31 MP: 4/4
   360 | D:2      | Found a faded altar of an unknown god.
   371 | D:2      | Reached XP level 4. HP: 40/40 MP: 5/5
   383 | D:2      | Prayed at the altar of an unknown god.
   383 | D:2      | Became a worshipper of Yredelemnul the Dark
   383 | D:2      | Reached * piety under Yredelemnul
   417 | D:2      | Reached XP level 5. HP: 46/46 MP: 6/6
   521 | D:2      | Reached skill level 4 in Axes
  1406 | D:4      | Reached XP level 6. HP: 52/52 MP: 7/7
  1580 | D:4      | Reached skill level 5 in Axes
  1604 | D:4      | HP: 1/53 [orc priest/divine providence (16)]
  1604 | D:4      | Slain by an orc

Illustrated notes

Levels and vault maps discovered:
D:1:      minmay_arrival_doors, layout_rooms
D:2:      layout_rooms, basic_ecumenical_altar, serial_bayou_pond_b
D:3:      layout_loops_ring, minivault_5, amcnicky_mini_corridor_feature
D:4:      layout_cave_pods

Skill      XL: |  1  2  3  4  5  6 |
---------------+-------------------+-----
Axes           | 3 4 5 |  5.1
Shields        | 4 |  4.9
Armour         | 4 |  4.8
Fighting       | 4 |  4.4

Action                   |  1- 3 |  4- 6 || total
-------------------------+-------+-------++-------
Melee: War axe           |    65 |   102 ||   167
Armor: Scale mail        |    36 |    49 ||    85
Dodge: Dodged            |    43 |    43 ||    86
Block: Buckler           |    17 |    29 ||    46

Table legend: (Time is in decaauts)
 A = Elapsed time spent in this place.
 B = Non-inter-level travel time spent in this place.
 C = Inter-level travel time spent in this place.
 D = Time resting spent in this place.
 E = Time spent auto-exploring this place.
 F = Levels seen in this place.
 G = Mean time per level.
                   A        B        C        D        E       F      G
               +--------+--------+--------+--------+--------+-----+--------+
         Total |   1662 |   1343 |    319 |      0 |      0 |   4 |  415.5 |
       Dungeon |   1662 |   1343 |    319 |      0 |      0 |   4 |  415.5 |
               +--------+--------+--------+--------+--------+-----+--------+

Top non-repeatable levels by time:
     D:3: 535 daAuts
     D:4: 442 daAuts
     D:1: 351 daAuts
     D:2: 333 daAuts
